 Dungeon Crawl Stone Soup version 0.23.2-1-ga50397a (webtiles) character file.

Game seed: 17029279798795434309

5540 Fang the Fighter (level 10, -5/99 HPs)
             Began as a Gargoyle Berserker on May 13, 2019.
             Was a High Priest of Trog.
             Slain by Snorg (13 damage)
             ... on level 10 of the Dungeon.
             The game lasted 00:13:22 (6762 turns).

Fang the Fighter (Gargoyle Berserker)               Turns: 6762, Time: 00:13:23

Health: -5/99      AC: 22    Str: 29    XL:     10   Next: 71%
Magic:  10/10      EV: 11    Int:  3    God:    Trog [*****.]
Gold:   533        SH:  0    Dex: 13    Spells: 9/9 levels left

rFire    + + .     SeeInvis .   q - +12 broad axe "Noja" {flame, +Blink rF++ Int-5 Dex+4}
rCold    . . .     Gourm    .   (no shield)
rNeg     + . .     Faith    .   b - +1 plate armour
rPois    ∞         Spirit   .   (no helmet)
rElec    +         Reflect  .   (no cloak)
rCorr    +         Harm     .   (no gloves)
MR       +....                  (no boots)
Stlth    ..........             x - amulet of regeneration
HPRegen  0.66/turn              w - ring of resist corrosion
MPRegen  0.12/turn              j - ring of protection from magic

@: berserking, very quick
A: negative energy resistance 1, electricity resistance, unbreathing,
petrification resistance, rot immunity, AC +7
a: Berserk, Trog's Hand, Brothers in Arms, Renounce Religion, Evoke Blink


You were on level 10 of the Dungeon.
You worshipped Trog.
Trog was extremely pleased with you.
You were very hungry.

You visited 2 branches of the dungeon, and saw 11 of its levels.
You also visited: Bailey.

You collected 569 gold pieces.
You spent 36 gold pieces at shops.

Inventory:

Hand Weapons
 a - a +0 war axe
 m - a +2 hand axe of flaming
 q - the +12 broad axe "Noja" (weapon) {flame, +Blink rF++ Int-5 Dex+4}
   (You found it on level 4 of the Dungeon)

   It has been specially enchanted to burn those struck by it, causing extra
   injury to most foes and up to half again as much damage against particularly
   susceptible opponents.
   Big, fiery blades are also staple armaments of hydra-hunters.
   It affects your intelligence (-5).
   It affects your dexterity (+4).
   It greatly protects you from fire.
   It lets you blink.
 r - a +2 antimagic executioner's axe
Armour
 b - a +1 plate armour (worn)
Jewellery
 h - a +3 ring of intelligence
 j - a ring of protection from magic (right hand)
 w - a ring of resist corrosion (left hand)
 x - an amulet of regeneration (around neck)
Wands
 i - a wand of paralysis (11)
 k - a wand of enslavement (5)
 t - a wand of random effects (25)
 y - a wand of polymorph (3)
 A - a wand of flame (18)
Scrolls
 g - 5 scrolls of teleportation
 l - 3 scrolls of identify
 s - 4 scrolls of remove curse
 u - a scroll of fear {unknown}
Potions
 e - 7 potions of curing
 f - a potion of cancellation
 n - 2 potions of flight
 p - 2 potions of agility
 v - a potion of resistance
 z - a potion of might
Comestibles
 c - 15 rations
 d - 14 chunks of flesh


   Skills:
 + Level 9.2 Fighting
 + Level 7.6 Axes
 + Level 9.0 Armour
 + Level 6.7 Dodging


You had 9 spell levels left.
You didn't know any spells.
Your spell library was empty.

Dungeon Overview and Level Annotations

Branches:
Dungeon (10/15)            Temple (1/1) D:4            Lair (0/6) D:9
    Orc: D:9-12

Altars:
Dithmenos
Elyvilon
Fedhas
Kikubaaqudgha
Makhleb
Nemelex Xobeh
Okawaru
Qazlal
Ru
Sif Muna
Trog
Yredelemnul
Zin
Beogh

Shops:
D:4 ?

Annotations:
D:6 2 runed translucent doors, growler's ghost, novice HOMo
D:10 Snorg


Innate Abilities, Weirdness & Mutations

You are resistant to torment.
Your stone body is resilient. (AC +7)
You are immune to poison.
You resist negative energy. (rN+)
You are resistant to electric shocks. (rElec)
You can survive without breathing.
You are immune to petrification.
You are immune to rotting.


Message History

Snorg is heavily wounded.
Snorg barely misses you. Snorg claws you but does no damage. x2
You slice Snorg!! You burn Snorg.
Snorg is heavily wounded.
Snorg completely misses you. Snorg claws you! Snorg claws you.
You slice Snorg!! You burn Snorg.
Snorg is severely wounded.
Snorg bites you but does no damage. Snorg claws you! x2; Snorg bites you.
Snorg barely misses you. Snorg claws you but does no damage.
You slice Snorg!! You burn Snorg.
Snorg is almost dead.
Snorg barely misses you. Snorg claws you!
* * * LOW HITPOINT WARNING * * *
Snorg claws you but does no damage.
You slash Snorg! You burn Snorg.
Snorg is almost dead.
Snorg bites you!!
* * * LOW HITPOINT WARNING * * *
Snorg claws you!
You die...

####
#.##...########
#####.##...#
#..........#
#.###.##...#
###
#.##..)#######.
#.##...........
#.##...######.#
##.##...###
#..##...@T#
######......#
##.###.# #.# ..
..# #.. #... .
#..# #..


You could see Snorg (berserk).

Vanquished Creatures
  A hippogriff (D:8)
  Grum (D:10)
  Edmund (D:6)
  4 sky beasts
  4 orc warriors
  4 ice beasts
  2 necrophages
  5 ogres
  5 phantoms
  5 centaurs
  2 wolves (D:10)
  2 big kobolds (D:8)
  A gnoll sergeant (D:10)
  Blork the orc (D:6)
  5 bullfrogs
  A wyvern skeleton (D:6)
  6 killer bees
  3 howler monkeys (D:8)
  A centaur zombie (D:5)
  4 crimson imps
  A quasit (D:8)
  2 bullfrog zombies
  7 orc priests
  2 hounds (D:5)
  6 orc wizards
  A centaur skeleton (D:7)
  2 bullfrog skeletons
  3 iguanas
  7 worker ants
  Ijyb (D:4)
  A howler monkey zombie (D:10)
  A worker ant zombie (D:8)
  4 gnolls (D:10)
  12 adders
  An ooze (D:2)
  4 worms
  3 dart slugs (D:2)
  6 leopard geckos
  48 orcs
  5 giant cockroaches
  13 goblins
  8 hobgoblins
  6 jackals
  2 quokkas
  10 bats
  6 frilled lizards
  2 gnoll zombies (D:9)
  16 kobolds
  9 rats
247 creatures vanquished.

Vanquished Creatures (others)
  2 orc wizards (D:5)
2 creatures vanquished.

Grand Total: 249 creatures vanquished

Notes
Turn   | Place    | Note
-------+----------+-------------------------------------------
     0 | D:1      | Fang the Gargoyle Berserker began the quest for the Orb.
     0 | D:1      | Reached XP level 1. HP: 14/14 MP: 1/1
   173 | D:1      | Reached XP level 2. HP: 16/19 MP: 2/2
   836 | D:2      | Reached XP level 3. HP: 22/23 MP: 3/3
   864 | D:2      | Reached ** piety under Trog
  1030 | D:2      | Reached XP level 4. HP: 25/29 MP: 4/4
  1164 | D:2      | Found a sparkling altar of Nemelex Xobeh.
  1178 | D:2      | Found an ancient bone altar of Kikubaaqudgha.
  1653 | D:3      | Reached XP level 5. HP: 33/33 MP: 5/5
  1710 | D:3      | Found a stormy altar of Qazlal.
  1823 | D:3      | Reached *** piety under Trog
  1927 | D:3      | You fall through a shaft!
  1927 | D:4      | Found a staircase to the Ecumenical Temple.
  1942 | Temple   | Entered the Ecumenical Temple
  2074 | D:4      | Got a bloodstained broad axe
  2075 | D:4      | Identified the +12 broad axe "Noja" {flame, +Blink rF++
                  | Int-5 Dex+4} (You found it on level 4 of the Dungeon)
  2171 | D:4      | Found Vicroil's Magic Scroll Boutique.
  2174 | D:4      | Bought a scroll of remove curse for 36 gold pieces
  2196 | D:4      | Found a bloodstained altar of Trog.
  2298 | D:4      | Noticed Ijyb
  2310 | D:4      | Killed Ijyb
  2323 | D:4      | Reached XP level 6. HP: 39/39 MP: 6/6
  2787 | D:5      | Entered Level 5 of the Dungeon
  2837 | D:5      | Found a white marble altar of Elyvilon.
  2947 | D:5      | Reached skill level 5 in Fighting
  2947 | D:5      | Reached XP level 7. HP: 10/44 MP: 7/7
  3258 | D:5      | Found a sacrificial altar of Ru.
  3485 | D:5      | Found a deep blue altar of Sif Muna.
  3803 | D:6      | Noticed Blork the orc
  3808 | D:6      | Killed Blork the orc
  3808 | D:6      | Reached skill level 5 in Armour
  3858 | D:6      | Reached XP level 8. HP: 37/51 MP: 8/8
  3907 | D:6      | Reached skill level 5 in Axes
  3975 | D:6      | Noticed Edmund
  3984 | D:6      | Killed Edmund
  4249 | D:6      | Found a large runed translucent door.
  4253 | D:6      | Found a large runed translucent door.
  4254 | D:6      | Noticed growler's ghost (novice HOMo)
  4439 | D:6      | Reached **** piety under Trog
  4704 | D:7      | Reached XP level 9. HP: 36/56 MP: 9/9
  4925 | D:7      | Reached skill level 5 in Dodging
  4937 | D:7      | Found a blossoming altar of Fedhas.
  4939 | D:7      | Found a shadowy altar of Dithmenos.
  4939 | D:7      | Found a glowing silver altar of Zin.
  4939 | D:7      | Found a burning altar of Makhleb.
  4939 | D:7      | Found an iron altar of Okawaru.
  5754 | D:8      | Reached XP level 10. HP: 64/64 MP: 10/10
  5780 | D:8      | Reached ***** piety under Trog
  6105 | D:9      | Found a basalt altar of Yredelemnul.
  6119 | D:9      | Found a roughly hewn altar of Beogh.
  6311 | D:9      | Received a gift from Trog
  6318 | D:9      | Found a flagged portal.
  6326 | D:9      | Identified the Catalogue of Shifting Poisoning
  6363 | Bailey   | Entered a bailey
  6558 | D:9      | Found a staircase to the Lair.
  6631 | D:10     | Entered Level 10 of the Dungeon
  6636 | D:10     | Noticed Grum
  6647 | D:10     | Killed Grum
  6750 | D:10     | Noticed Snorg
  6762 | D:10     | Slain by Snorg

Skill      XL: |  1  2  3  4  5  6  7  8  9 10 |
---------------+-------------------------------+-----
Axes           | 3 4 5 6 7 |  7.6
Dodging        | 2 3 4 5 6 |  6.7
Armour         | 3 4 5 6 7 9 |  9.0
Fighting       | 4 5 6 8 9 |  9.2

Action                   |  1- 3 |  4- 6 |  7- 9 | 10-12 || total
-------------------------+-------+-------+-------+-------++-------
Melee: Hand axe          |   121 |    93 |       |       ||   214
       Broad axe         |       |    36 |   152 |   119 ||   307
Invok: Berserk           |       |       |       |     2 ||     2
 Abil: Evoke Blink       |       |       |     2 |       ||     2
  Use: Scroll            |       |     7 |    10 |       ||    17
  Eat: Chunk             |       |     7 |     9 |     4 ||    20
Armor: Animal skin       |    18 |       |       |       ||    18
       Chain mail        |    62 |    85 |    64 |       ||   211
       Plate armour      |       |       |    62 |   103 ||   165
Dodge: Dodged            |    71 |    59 |    94 |    93 ||   317
